 Dungeon Crawl Stone Soup version 0.26.1-10-gdfb7c7de75 (webtiles) character file.

Game seed: 10847297915211493686

340447 UnDebs the Impaler (level 21, -2/183 HPs)
             Began as a Merfolk Fighter on Apr 5, 2021.
             Was the Champion of the Shining One.
             Slain by an enormous slime creature (62 damage)
             ... on level 1 of the Depths on Apr 6, 2021.
             The game lasted 04:24:59 (53453 turns).

UnDebs the Impaler (Merfolk Fighter)               Turns: 53453, Time: 04:25:00

Health: -2/183     AC: 24    Str: 17    XL:     21   Next: 99%
Magic:  20/29      EV: 25    Int:  8    God:    the Shining One [******]
Gold:   2186       SH: 38    Dex: 36    Spells: 21/28 levels left

rFire    + + .     SeeInvis .   F - +8 trishula (holy)
rCold    + + +     Faith    .   R - +5 kite shield {reflect}
rNeg     + + +     Spirit   .   a - +8 chain mail "Wogip" {rPois}
rPois    +         Reflect  +   i - +3 helmet "Ciamer" {rElec rCorr}
rElec    +         Harm     .   M - scarf {rC+ rF+}
rCorr    +         Rampage  .   g - +0 pair of gloves of Gusimu Udopt {rC++ Will- Slay+4}
Will     ++...                  T - +1 pair of boots of Spite {rF++}
Stlth    +.........             N - amulet of Jasteguf {Reflect Int-2 Dex+8 SH+5 Stlth+}
HPRegen  0.40/turn              w - ring of Life {rF- Will+ Dex+8 Stlth+}
MPRegen  0.21/turn              Z - ring of willpower

@: divine shield, glowing
A: change form in water, swift swim, stealthy swim
}: 2/15 runes: barnacled, gossamer
a: Renounce Religion, Divine Shield, Cleansing Flame, Summon Divine Warrior


You were on level 1 of the Depths.
You worshipped the Shining One.
The Shining One was exalted by your worship.
You visited 9 branches of the dungeon, and saw 40 of its levels.
You visited the Abyss 1 time.
You visited 1 bazaar.
You also visited: Ice Cave and Desolation.

You collected 4024 gold pieces.
You spent 1838 gold pieces at shops.

Inventory:

Hand Weapons
 F - a +8 trishula of holy wrath (weapon)
Missiles
 q - 23 silver javelins
 P - 55 javelins (quivered)
Armour
 a - the +8 chain mail "Wogip" (worn) {rPois}
   (You found it on level 9 of the Dungeon)

   It protects you from poison.
 c - the +0 pair of boots of Light {rF+ Int+2 SInv}
   (You found it in the Desolation of Salt)

   It affects your intelligence (+2).
   It protects you from fire.
   It lets you see invisible.
 g - the +0 pair of gloves of Gusimu Udopt (worn) {rC++ Will- Slay+4}
   (You found it on level 1 of the Spider Nest)

   It affects your accuracy and damage with ranged weapons and melee attacks
   (+4).
   It greatly protects you from cold.
   It affects your willpower, your defense against some magical effects.
 i - the +3 helmet "Ciamer" (worn) {rElec rCorr}
   (You found it on level 1 of the Vaults)

   It insulates you from electricity.
   It provides partial protection from all sources of acid and corrosion.
 K - the +5 chain mail of Qazlal's Approval {-Tele rC++ rCorr SInv}
   (You found it on level 11 of the Dungeon)

   It greatly protects you from cold.
   It lets you see invisible.
   It prevents most forms of teleportation.
   It provides partial protection from all sources of acid and corrosion.
 M - a scarf of resistance (worn)
 O - a +1 cloak of preservation
 R - a +5 kite shield of reflection (worn)
 T - the +1 pair of boots of Spite (worn) {rF++}
   (You found it on level 3 of the Vaults)

   It greatly protects you from fire.
Jewellery
 v - an uncursed ring of wizardry
 w - the ring of Life (left hand) {rF- Will+ Dex+8 Stlth+}
   (You found it in the Desolation of Salt)

   [ring of willpower]

   It affects your dexterity (+8).
   It makes you vulnerable to fire.
   It affects your willpower, your defense against some magical effects.
   It makes you more stealthy.
 A - the ring of Towy {rElec rF+ Int-4}
   (You bought it in a shop on level 2 of the Elven Halls)

   [ring of intelligence]

   It affects your intelligence (-4).
   It protects you from fire.
   It insulates you from electricity.
 C - a cursed -4 ring of strength
 G - an uncursed ring of flight
 L - a +6 ring of strength
 N - the amulet of Jasteguf (around neck) {Reflect Int-2 Dex+8 SH+5 Stlth+}
   (You bought it in a shop on level 2 of the Elven Halls)

   [amulet of reflection]

   It shields you and reflects attacks.
   It affects your intelligence (-2).
   It affects your dexterity (+8).
   It affects your SH (+5).
   It makes you more stealthy.
 X - an uncursed ring of see invisible
 Z - a ring of willpower (right hand)
Wands
 m - a wand of paralysis (46)
 r - a wand of polymorph (56)
 t - a wand of enslavement (8)
 x - a wand of acid (41)
 y - a wand of iceblast (24)
 z - a wand of flame (19)
 E - a wand of digging (21)
 J - a wand of disintegration (55)
Scrolls
 j - 16 scrolls of teleportation
 l - 2 scrolls of immolation
 o - 2 scrolls of identify
 p - 8 scrolls of fear
 s - a scroll of blinking
 u - 2 scrolls of remove curse
 B - a scroll of silence
 U - 5 scrolls of fog
 Y - a scroll of summoning
Potions
 b - 2 potions of haste
 d - 7 potions of might
 e - a potion of berserk rage
 f - 2 potions of lignification
 h - 7 potions of flight
 k - 4 potions of heal wounds
 n - 2 potions of curing
 D - 3 potions of mutation
 H - 2 potions of attraction
 Q - 2 potions of resistance
 S - 9 potions of ambrosia
 V - 3 potions of magic
Miscellaneous
 I - a lightning rod (4/4)
 W - a phial of floods


   Skills:
 - Level 20.0 Fighting
 - Level 20.0 Polearms
 - Level 2.1 Armour
 - Level 20.0 Dodging
 - Level 20.0 Shields
 - Level 4.0 Spellcasting
 - Level 10.0 Translocations
 + Level 10.8 Invocations


You had 21 spell levels left.
You knew the following spells:

 Your Spells              Type           Power        Failure   Level
a - Blink                 Tloc           N/A          12%         2
b - Summon Ice Beast      Ice/Summ       1%           100%        4
c - Apportation           Tloc           34%          8%          1

Your spell library contained the following spells:

 Spells                   Type           Power        Failure   Level
 Gell's Gravitas          Tloc           8%           22%         3
 Portal Projectile        Hex/Tloc       18%          87%         3
 Animate Skeleton         Necr           2%           99%         1
 Beastly Appendage        Tmut           2%           99%         1
 Corona                   Hex            1%           99%         1
 Foxfire                  Conj/Fire      4%           99%         1
 Freeze                   Ice            4%           99%         1
 Magic Dart               Conj           4%           99%         1
 Sandblast                Erth           2%           99%         1
 Sting                    Tmut/Pois      4%           99%         1
 Summon Small Mammal      Summ           4%           99%         1
 Call Imp                 Summ           1%           100%        2
 Ensorcelled Hibernation  Hex/Ice        2%           100%        2
 Passwall                 Tmut/Erth      0%           100%        2
 Poisonous Vapours        Pois/Air       2%           100%        2
 Slow                     Hex            1%           100%        2
 Wereblood                Tmut           1%           100%        2
 Confusing Touch          Hex            1%           100%        3
 Conjure Flame            Conj/Fire      1%           100%        3
 Dazzling Flash           Conj/Hex       2%           100%        3
 Frozen Ramparts          Ice            2%           100%        3
 Ignite Poison            Fire/Tmut/Pois 1%           100%        3
 Mephitic Cloud           Conj/Pois/Air  1%           100%        3
 Ozocubu's Armour         Ice            1%           100%        3
 Spider Form              Tmut/Pois      0%           100%        3
 Stone Arrow              Conj/Erth      2%           100%        3
 Tukima's Dance           Hex            1%           100%        3
 Airstrike                Air            0%           100%        4
 Animate Dead             Necr           0%           100%        4
 Cause Fear               Hex            0%           100%        4
 Fulminant Prism          Conj/Hex       0%           100%        4
 Hailstorm                Conj/Ice       1%           100%        4
 Ice Form                 Ice/Tmut       1%           100%        4
 Petrify                  Tmut/Erth      1%           100%        4
 Sticky Flame             Conj/Fire      1%           100%        4
 Blade Hands              Tmut           0%           100%        5
 Borgnjor's Vile Clutch   Necr/Erth      0%           100%        5
 Fireball                 Conj/Fire      0%           100%        5
 Lee's Rapid Deconstruct  Erth           0%           100%        5
 Metabolic Englaciation   Hex/Ice        0%           100%        5
 Silence                  Hex/Air        0%           100%        5
 Summon Demon             Summ           0%           100%        5
 Summon Forest            Summ/Tloc      4%           100%        5
 Summon Mana Viper        Hex/Summ       1%           100%        5
 Death Channel            Necr           0%           100%        6
 Dispersal                Tloc           8%           100%        6
 Eringya's Noxious Bog    Tmut/Pois      0%           100%        6
 Freezing Cloud           Conj/Ice/Air   0%           100%        6
 Hydra Form               Tmut           0%           100%        6
 Ozocubu's Refrigeration  Ice            0%           100%        6
 Shadow Creatures         Summ           N/A          100%        6
 Simulacrum               Ice/Necr       0%           100%        6
 Starburst                Conj/Fire      0%           100%        6
 Statue Form              Tmut/Erth      0%           100%        6
 Dragon Form              Tmut           0%           100%        7
 Haunt                    Necr/Summ      0%           100%        7
 Summon Hydra             Summ           0%           100%        7
 Borgnjor's Revivificati  Necr           0%           100%        8
 Disjunction              Tloc           8%           100%        8
 Ignition                 Fire           0%           100%        8
 Infestation              Necr           0%           100%        8
 Necromutation            Tmut/Necr      0%           100%        8
 Death's Door             Necr           0%           100%        9
 Dragon's Call            Summ           0%           100%        9


Dungeon Overview and Level Annotations

Branches:
Dungeon (15/15)            Temple (1/1) D:7            Lair (6/6) D:9
 Shoals (4/4) Lair:4       Spider (4/4) Lair:2        Slime (0/5) Lair:5
    Orc (2/2) D:11            Elf (3/3) Orc:2        Vaults (4/5) D:13
  Crypt (0/3) Vaults:3     Depths (1/5) D:15          IceCv (visited)
Desolation (visited)

Altars:
Ashenzari
Cheibriados
Dithmenos
Elyvilon
Fedhas
Kikubaaqudgha
Makhleb
Nemelex Xobeh
Okawaru
Qazlal
Ru
Sif Muna
Trog
Xom
The Shining One
Beogh
Jiyva

Shops:
D:6 }   D:8 :   D:9 [*[   D:10 *   Orc:2 }*[[=   Elf:2 =   Vaults:1 *
Vaults:2 [

Portals:
Ziggurat: Depths:1
Trove: D:13 (give horn of Geryon)

Annotations:
D:3 3 runed translucent doors, Almogavar's ghost, amateur GrFi
Elf:2 3 runed translucent doors
Vaults:3 2 runed translucent doors, Droegar's ghost, adept MiBe; Faydane's ghost, veteran HuFi


Message History

Your angel closely misses the spriggan berserker.
The spriggan berserker mumbles some strange prayers to Trog.
The spriggan berserker goes berserk!
You block the enormous slime creature's attack.
The spriggan air mage hits your angel!
You hit the enormous slime creature.
The enormous slime creature is severely wounded.
The spriggan berserker closely misses your angel.
Your angel closely misses the spriggan berserker.
Your angel hits the spriggan berserker with a +2 whip of holy wrath.
The spriggan berserker misses your angel.
You hear a shout!
Unknown command.
You impale the enormous slime creature!!
The enormous slime creature is almost dead.
Your angel closely misses the spriggan berserker.
Your angel hits the spriggan berserker with a +2 whip of holy wrath.
A deep troll comes into view.
The enormous slime creature hits you!!!
You die...

. ... ... .. ###
...( .. #@###.....
≈ #i #JAii.....
... #. ##i#i....#+
....##.##TYY.#...#
......[..T...# ..#
####..)T....## ##
#'..........#
##'###....###
##......###


You could see a death yak (summoned, berserk), an elephant (summoned, berserk),
an enormous slime creature, a spriggan rider, 2 deep trolls, 2 spriggan
berserkers, a spriggan air mage (repels missiles) and a friendly angel
(summoned).

Vanquished Creatures
  Arachne (Spider:4)
  Rupert (D:12)
  Gastronok (D:10)
  A kraken (Shoals:4)
  Kirke (D:15)
  2 tengu reavers
  Donald (Shoals:2)
  Roxanne (Spider:3)
  Ilsuiw (Shoals:2)
  4 ghost moths (Spider:4)
  An imperial myrmidon (Desolation)
  2 deep elf sorcerers
  8 vault wardens
  Louise (D:14)
  4 emperor scorpions
  A deep elf elementalist (Elf:3)
  2 ironheart preservers
  7 stone giants
  Nessos (D:14)
  A deep elf demonologist (Elf:2)
  A dire elephant (D:15)
  3 halazid warlocks (Desolation)
  Azrael (Spider:1)
  6 spark wasps
  6 entropy weavers
  The ghost of Revguard the Cleaver, a journeyman GrFi of Zin (D:15)
  An ettin (Vaults:4)
  Snorg (D:10)
  4 merfolk javelineers (Shoals:4)
  9 ragged hierophants (Desolation)
  3 yaktaur captains
  3 fire dragons
  2 crystal guardians (Desolation)
  2 merfolk impalers (Shoals:1)
  The ghost of Flure the Unseen, a journeyman FeBe of Trog (Spider:1)
  6 servants of whispers (Desolation)
  11 boulder beetles
  A deep elf high priest (Elf:1)
  A naga warrior (D:15)
  11 vault guards
  2 rakshasas
  2 alligator snapping turtles
  A merfolk avatar (Shoals:4)
  5 peacekeepers
  A catoblepas (Lair:6)
  4 centaur warriors
  7 hydras
  8 ogre magi
  13 dancing weapons
  A tengu warrior (D:14)
  5 merfolk aquamancers
  2 death knights
  34 two-headed ogres
  A satyr (Shoals:4)
  3 death yaks (Lair:5)
  2 vampire magi (D:14)
  A deep troll earth mage (Depths:1)
  8 deep elf knights
  A fire crab (shapeshifter) (Vaults:3)
  8 skeletal warriors
  A deep troll (shapeshifter) (Depths:1)
  4 deep trolls
  2 unseen horrors
  6 sea snakes
  A storm dragon skeleton (Vaults:3)
  A flayed ghost (Vaults:4)
  A glowing orange brain (Vaults:1)
  8 deep elf archers
  9 ironbrand convokers
  5 wizards (Vaults:2)
  2 large abominations (Abyss:3)
  15 orc knights
  A sphinx zombie (Vaults:2)
  7 harpies
  23 orb spiders
  17 ugly things
  A human zombie (Vaults:4)
  5 fauns
  37 deep elf magi
  A stone giant zombie (Vaults:1)
  6 orc sorcerers
  3 necromancers
  A tengu skeleton (Vaults:3)
  A frost giant zombie (Vaults:4)
  A salamander (D:15)
  21 wolf spiders
  12 cyclopes
  8 manticores
  3 centaur zombies
  4 black mambas
  16 elephants
  2 torpor snails
  3 merfolk sirens
  A molten gargoyle (Desolation)
  3 moths of wrath
  A gargoyle (D:6)
  6 guardian serpents
  An eye of devastation (Abyss:3)
  2 fire giant skeletons
  2 ice statues (IceCv)
  4 naga magi (D:14)
  Psyche (D:10)
  34 cane toads
  13 vault sentinels
  7 kobold demonologists
  2 centaur skeletons
  A yaktaur zombie (Vaults:2)
  4 water nymphs
  An efreet (D:14)
  A rime drake (shapeshifter) (Vaults:2)
  5 komodo dragons
  28 yaktaurs
  An ancient zyme (Abyss:3)
  4 rime drakes
  A yaktaur (shapeshifter) (Vaults:2)
  13 demonic crawlers
  3 freezing wraiths
  A tengu conjurer (D:14)
  54 jumping spiders
  13 trolls
  A queen bee (D:14)
  3 meliai (D:14)
  2 polar bears
  21 merfolk
  4 wind drakes
  10 hornets
  4 tyrant leeches
  A blink frog (shapeshifter) (Vaults:2)
  48 blink frogs
  57 saltlings (Desolation)
  11 dream sheep
  34 slime creatures
  A raiju (shapeshifter) (Vaults:1)
  15 snapping turtles
  2 ettin skeletons (Vaults:3)
  An air elemental (Elf:2)
  A deep troll skeleton (Depths:1)
  A shadow (D:14)
  42 tarantellas
  6 wyverns
  3 wraiths
  A spriggan skeleton (Depths:1)
  12 water elementals
  81 redbacks
  25 yaks
  9 fire elementals
  2 hogs (D:15)
  A small abomination (D:14)
  5 basilisks
  10 vampire mosquitoes
  4 nagas
  A yaktaur simulacrum (Vaults:1)
  4 wargs
  5 human skeletons
  3 hell hounds (Spider:1)
  3 acid dragons
  An elf zombie (Vaults:1)
  14 water moccasins
  30 orc warriors
  9 ice beasts
  3 necrophages (D:9)
  A hornet zombie (D:15)
  7 sky beasts
  2 black bears
  2 phantoms
  2 eyes of draining
  45 ogres
  An ogre (shapeshifter) (Elf:1)
  9 wolves
  11 centaurs
  2 elf skeletons (Vaults:3)
  4 big kobolds
  Blork the orc (D:6)
  21 bullfrogs
  A deep troll simulacrum (Vaults:2)
  An ogre simulacrum (Vaults:1)
  An earth elemental (Elf:3)
  A scorpion (shapeshifter) (D:15)
  A water moccasin zombie (D:7)
  2 wyvern skeletons
  3 scorpions
  29 wights
  28 killer bees
  2 human simulacra
  4 howler monkeys
  3 electric eels
  4 bullfrog zombies
  2 quasits
  2 bullfrog skeletons
  3 hounds
  3 jellies
  11 orc priests
  23 orc wizards
  6 iguanas
  13 worker ants
  9 hell rats (Lair:3)
  A killer bee zombie (D:9)
  A hound skeleton (D:6)
  2 mummies (D:9)
  2 howler monkey zombies
  Robin (D:4)
  6 gnolls (D:11)
  A worker ant zombie (D:9)
  3 howler monkey skeletons
  11 adders
  13 river rats (Lair:3)
  A shadow imp (D:7)
  2 white imps
  2 ufetubi
  2 oozes
  An adder skeleton (D:9)
  An adder zombie (D:8)
  A worm (D:3)
  A dart slug (D:1)
  4 leopard geckos
  73 orcs
  10 bats
  4 giant cockroaches
  3 hobgoblins
  8 jackals
  11 quokkas
  A ball python (D:4)
  5 frilled lizards
  12 goblins
  18 kobolds
  22 rats
  7 tentacles
1641 creatures vanquished.

Vanquished Creatures (collateral kills)
  A deep elf sorcerer (Elf:3)
  A deep troll earth mage (Depths:1)
  A deep elf knight (Elf:3)
  A wizard (Depths:1)
4 creatures vanquished.

Vanquished Creatures (others)
  A fire giant (Vaults:2)
  An orb spider (Spider:1)
  A kobold demonologist (D:11)
  A water elemental (Elf:2)
  A human (D:15)
  An ogre (Vaults:1)
  An orc (D:15)
  24 fungi
  122 plants
  15 tentacles
168 creatures vanquished.

Grand Total: 1813 creatures vanquished

Notes
Turn   | Place    | Note
-------+----------+-------------------------------------------
     0 | D:1      | UnDebs the Merfolk Fighter began the quest for the Orb.
     0 | D:1      | Reached XP level 1. HP: 18/18 MP: 1/1
   179 | D:1      | Reached XP level 2. HP: 17/24 MP: 2/2
   270 | D:1      | Reached skill level 1 in Dodging
   727 | D:1      | Reached XP level 3. HP: 29/29 MP: 3/3
  1418 | D:2      | Found a shimmering altar of Xom.
  1861 | D:2      | Reached XP level 4. HP: 37/37 MP: 4/4
  3098 | D:3      | Found a bloodstained altar of Trog.
  3567 | D:3      | Reached XP level 5. HP: 23/42 MP: 5/5
  3885 | D:3      | Found a runed translucent gate.
  3885 | D:3      | Found a runed translucent gate.
  3887 | D:3      | Found a runed translucent gate.
  3888 | D:3      | Noticed Almogavar's ghost (amateur GrFi)
  4223 | D:4      | Noticed Robin
  4241 | D:4      | Killed Robin
  4496 | D:4      | Reached XP level 6. HP: 10/49 MP: 6/6
  4731 | D:4      | Reached skill level 5 in Dodging
  4970 | D:4      | Reached skill level 5 in Fighting
  5225 | D:4      | Reached XP level 7. HP: 54/56 MP: 7/7
  5406 | D:5      | Entered Level 5 of the Dungeon
  6663 | D:6      | Reached XP level 8. HP: 55/64 MP: 8/8
  6744 | D:6      | Reached skill level 5 in Polearms
  7117 | D:6      | Paralysed by a centaur for 3 turns
  7206 | D:6      | Found Poatuihu's Gadget Boutique.
  7455 | D:6      | Noticed Blork the orc
  7467 | D:6      | Killed Blork the orc
  7763 | D:6      | Reached skill level 10 in Dodging
  7980 | D:6      | Reached XP level 9. HP: 42/69 MP: 6/9
  8110 | D:6      | Noticed a gargoyle
  8119 | D:6      | Killed a gargoyle
  8120 | D:6      | Reached skill level 10 in Polearms
  9211 | D:7      | Learned a level 2 spell: Blink
  9213 | D:7      | Found a staircase to the Ecumenical Temple.
  9266 | Temple   | Entered the Ecumenical Temple
  9375 | Temple   | Became a worshipper of the Shining One
  9696 | D:7      | Reached skill level 5 in Shields
 10025 | D:8      | Reached XP level 10. HP: 79/79 MP: 10/10
 10202 | D:8      | Found a white marble altar of Elyvilon.
 10252 | D:8      | Reached skill level 1 in Translocations
 10252 | D:8      | Reached skill level 1 in Invocations
 10275 | D:8      | Found Xash's Book Boutique.
 10279 | D:8      | Bought a book of Frost for 490 gold pieces
 10353 | D:8      | Reached * piety under the Shining One
 10537 | D:8      | Learned a level 4 spell: Summon Ice Beast
 10944 | D:9      | Found Qutajeh's Antique Armour Boutique.
 11058 | D:9      | Got a smoking chain mail
 11068 | D:9      | Identified the +8 chain mail "Wogip" {rPois} (You found it
                  | on level 9 of the Dungeon)
 11183 | D:9      | Found Nuuvau's Armour Shoppe.
 11186 | D:9      | Found Kiqaquv's Assorted Antiques.
 11206 | D:9      | Reached ** piety under the Shining One
 11212 | D:9      | Noticed a two-headed ogre
 11236 | D:9      | Killed a two-headed ogre
 11473 | D:9      | Found a staircase to the Lair.
 11874 | D:10     | Entered Level 10 of the Dungeon
 11963 | D:10     | Found Xeraont's General Store.
 12018 | D:10     | Reached XP level 11. HP: 85/87 MP: 12/14
 12043 | D:10     | Noticed Gastronok
 12044 | D:10     | Noticed Snorg
 12067 | D:10     | Killed Snorg
 12426 | D:10     | Noticed Psyche
 12433 | D:10     | Killed Psyche
 12558 | D:10     | Reached *** piety under the Shining One
 12593 | D:10     | Killed Gastronok
 13154 | D:11     | Got a pitted chain mail
 13164 | D:11     | Identified the +5 chain mail of Qazlal's Approval {-Tele
                  | rC++ rCorr SInv} (You found it on level 11 of the Dungeon)
 13177 | D:11     | Noticed a manticore
 13187 | D:11     | Killed a manticore
 13201 | D:11     | Found a staircase to the Orcish Mines.
 13273 | D:11     | Noticed a boulder beetle
 13306 | D:11     | Killed a boulder beetle
 13307 | D:11     | Reached skill level 10 in Fighting
 13881 | D:12     | Reached XP level 12. HP: 97/97 MP: 15/15
 13908 | D:12     | Reached skill level 1 in Spellcasting
 13936 | D:12     | Reached skill level 5 in Translocations
 14004 | D:12     | Noticed Rupert
 14004 | D:12     | Paralysed by Rupert for 2 turns
 14040 | D:12     | Killed Rupert
 14888 | Lair:1   | Entered Level 1 of the Lair of Beasts
 15120 | Lair:1   | Reached **** piety under the Shining One
 15409 | Lair:1   | Noticed a five-headed hydra
 15421 | Lair:1   | Killed a five-headed hydra
 16211 | Lair:2   | Found a hole to the Spider Nest.
 16262 | Lair:2   | Reached XP level 13. HP: 104/104 MP: 19/19
 16263 | Lair:2   | Found a white marble altar of Elyvilon.
 18225 | Lair:4   | Found a staircase to the Shoals.
 18270 | Lair:4   | Reached skill level 10 in Shields
 18513 | Lair:4   | Reached ***** piety under the Shining One
 18994 | Orc:1    | Entered Level 1 of the Orcish Mines
 19218 | Orc:1    | Found a roughly hewn altar of Beogh.
 19357 | Orc:2    | Entered Level 2 of the Orcish Mines
 19357 | Orc:2    | Found Caplaxziuj's Jewellery Boutique.
 19459 | D:13     | Found a gate to the Vaults.
 19459 | D:13     | Noticed a vault guard
 19459 | D:13     | Noticed a vault guard
 19459 | D:13     | Noticed a vault guard
 19459 | D:13     | Noticed a vault guard
 19484 | D:13     | Killed a vault guard
 19493 | D:13     | Killed a vault guard
 19502 | D:13     | Killed a vault guard
 19514 | D:13     | Killed a vault guard
 19582 | D:13     | Found a frozen archway.
 19598 | IceCv    | Entered an ice cave
 19599 | IceCv    | Found a transporter.
 19618 | IceCv    | Reached XP level 14. HP: 116/116 MP: 20/20
 19678 | IceCv    | Found a transporter.
 20155 | D:13     | Found a portal to a secret trove of treasure.
 21288 | D:14     | Noticed Louise
 21304 | D:14     | Cast into level 3 of the Abyss (Louise)
 21442 | D:14     | Escaped the Abyss
 21690 | D:14     | Found a shimmering blue altar of Sif Muna.
 21771 | D:14     | Killed Louise
 21958 | D:14     | Noticed Nessos
 22153 | Shoals:1 | Entered Level 1 of the Shoals
 22394 | Shoals:2 | Noticed Ilsuiw
 22714 | Lair:5   | Found a staircase to the Slime Pits.
 22714 | Lair:5   | Found a viscous altar of Jiyva.
 23482 | Lair:5   | Reached XP level 15. HP: 126/126 MP: 21/21
 23951 | Lair:6   | Entered Level 6 of the Lair of Beasts
 24099 | Lair:6   | Reached ****** piety under the Shining One
 24113 | Lair:6   | Reached skill level 15 in Shields
 24426 | Lair:6   | Reached skill level 5 in Invocations
 26144 | Orc:1    | Reached skill level 10 in Translocations
 26714 | Orc:2    | Reached XP level 16. HP: 104/133 MP: 19/22
 26847 | Orc:2    | Found a staircase to the Elven Halls.
 26868 | Orc:2    | Reached skill level 15 in Polearms
 26906 | Orc:2    | Found Qizoog's General Store.
 26980 | Orc:2    | Found Nomamiomme's Armour Shop.
 27073 | Orc:2    | Found Vishrud's Gadget Emporium.
 27074 | Orc:2    | Found Adwashub's Antique Armour Shoppe.
 27704 | Shoals:2 | Killed Ilsuiw
 28357 | Shoals:3 | Reached skill level 15 in Fighting
 28495 | Shoals:3 | Noticed Donald
 28535 | Shoals:2 | Killed Donald
 28953 | Shoals:2 | Identified a +2 trishula of holy wrath (a +0 demon trident
                  | of venom blessed by the Shining One)
 28953 | Shoals:2 | Received a gift from the Shining One
 29353 | Shoals:4 | Entered Level 4 of the Shoals
 29721 | Shoals:4 | Learned a level 1 spell: Apportation
 30297 | Shoals:4 | Noticed a kraken
 31301 | Shoals:4 | Killed a kraken
 31311 | Shoals:4 | Got a barnacled rune of Zot
 31753 | Shoals:3 | Noticed a kraken
 32038 | Shoals:4 | Reached XP level 17. HP: 116/144 MP: 19/23
 33511 | Elf:1    | Entered Level 1 of the Elven Halls
 35053 | Elf:2    | Noticed an Ice Fiend
 35056 | Elf:1    | Reached skill level 10 in Invocations
 35133 | Elf:2    | Found Unkooffe's Jewellery Shop.
 35148 | Elf:2    | Bought an uncursed ring of poison resistance for 260 gold
                  | pieces
 35148 | Elf:2    | Bought the cursed ring of Towy {rElec rF+ Int-4} for 227
                  | gold pieces
 35148 | Elf:2    | Bought the amulet of Jasteguf {Reflect Int-2 Dex+8 SH+5
                  | Stlth+} for 681 gold pieces
 35245 | Elf:2    | Found a ruined gateway.
 35275 | Desolati | Entered the Desolation of Salt
 35583 | Desolati | Reached skill level 15 in Dodging
 35679 | Desolati | Identified the ring of Life {rF- Will+ Dex+8 Stlth+} (You
                  | found it in the Desolation of Salt)
 35688 | Desolati | Identified the cursed +0 leather armour "Qezearog" {-Cast
                  | rPois rN+++ Slay-6} (You found it in the Desolation of
                  | Salt)
 35692 | Desolati | Got a coiled graven amulet
 35693 | Desolati | Identified the amulet of the Pariah {RegenMP rC+} (You
                  | found it in the Desolation of Salt)
 36453 | Desolati | Got a fine granite ring
 36454 | Desolati | Identified the cursed ring "Istotu" {*Slow rElec rF+ Will+
                  | Int-4 SInv} (You found it in the Desolation of Salt)
 36479 | Desolati | Identified Okytt's Volume of Flight and Cold
 36497 | Desolati | Reached XP level 18. HP: 151/151 MP: 25/25
 36809 | Desolati | HP: 6/226 [ragged hierophant/a resonance strike (19)]
 36816 | Desolati | HP: 7/228 [saltling (5)]
 36821 | Desolati | HP: 11/228 [saltling (1)]
 37238 | Desolati | Identified the +0 pair of boots of Light {rF+ Int+2 SInv}
                  | (You found it in the Desolation of Salt)
 37258 | Desolati | Identified the +1 leather armour of the Stone Wall {rElec
                  | rCorr Int-4 Stlth+} (You found it in the Desolation of
                  | Salt)
 37261 | Desolati | Identified the +2 robe of the Harp {Int+4 Stlth+} (You
                  | found it in the Desolation of Salt)
 38018 | Elf:2    | Found a runed translucent gate.
 38018 | Elf:2    | Found a runed translucent gate.
 38018 | Elf:2    | Found a runed translucent gate.
 38059 | Elf:3    | Entered Level 3 of the Elven Halls
 38182 | Elf:3    | Noticed a Tzitzimitl
 38184 | Elf:3    | Noticed a deep elf blademaster
 38205 | Elf:3    | Noticed a deep elf blademaster
 38205 | Elf:3    | Noticed a deep elf master archer
 38205 | Elf:3    | Noticed a deep elf blademaster
 38206 | Elf:3    | Noticed a deep elf master archer
 38208 | Elf:3    | Noticed a Brimstone Fiend
 38731 | D:14     | Killed Nessos
 39166 | D:14     | Found the +3 Elemental Staff {rElec rF++ rC++ Will++ AC+5}
 39217 | D:14     | Identified the Collected Works on Icy Summoning
 39237 | D:14     | Identified the Handbook of the Lethal Arsonist
 39239 | D:14     | Identified the Collected Works on Ashen Envenoming
 39539 | D:15     | Entered Level 15 of the Dungeon
 39980 | D:15     | Identified the cursed +1 ring mail of Gluttony {+Blink
                  | rElec Will++}
 40169 | D:15     | Found a staircase to the Depths.
 40486 | D:15     | Reached XP level 19. HP: 161/161 MP: 26/26
 40548 | D:15     | Noticed Kirke
 40563 | D:15     | Killed Kirke
 40946 | D:15     | Found a runed translucent gate.
 40948 | D:15     | Found a runed translucent gate.
 40949 | D:15     | Found a runed translucent gate.
 40950 | D:15     | Noticed Revguard's ghost (journeyman GrFi)
 40953 | D:15     | Found an iron altar of Okawaru.
 41072 | D:15     | Killed Revguard's ghost
 41356 | Vaults:1 | Entered Level 1 of the Vaults
 41687 | Vaults:1 | Got a translucent helmet
 41697 | Vaults:1 | Identified the +3 helmet "Ciamer" {rElec rCorr} (You found
                  | it on level 1 of the Vaults)
 41702 | Vaults:1 | Found Qocweve's General Store.
 43755 | Vaults:2 | Reached XP level 20. HP: 170/170 MP: 27/27
 43898 | Vaults:2 | Found Ugu Neyt's Antique Armour Shop.
 46162 | Vaults:3 | Identified the +1 pair of boots of Spite {rF++} (You found
                  | it on level 3 of the Vaults)
 46259 | Vaults:3 | Found a large runed translucent door.
 46259 | Vaults:3 | Found a large runed translucent door.
 46259 | Vaults:3 | Noticed Droegar's ghost (adept MiBe)
 46259 | Vaults:3 | Noticed Faydane's ghost (veteran HuFi)
 46449 | Vaults:3 | Found a staircase to the Crypt.
 46946 | Vaults:4 | Found a flickering gateway to a bazaar.
 46969 | Bazaar   | Entered a bazaar
 46971 | Bazaar   | Found Ibeib's Jewellery Shop.
 46995 | Bazaar   | Found Birisop's Armour Emporium.
 47002 | Bazaar   | Found Xeminir's Armour Emporium.
 47004 | Bazaar   | Found Ydiok's Assorted Antiques.
 47007 | Bazaar   | Found Reop's Gadget Shop.
 47013 | Bazaar   | Bought a scroll of enchant weapon for 180 gold pieces
 47293 | Spider:1 | Entered Level 1 of the Spider Nest
 47548 | Spider:1 | Noticed Azrael
 47570 | Spider:1 | Killed Azrael
 48043 | Spider:1 | Found a runed translucent gate.
 48043 | Spider:1 | Found a runed translucent gate.
 48044 | Spider:1 | Found a runed translucent gate.
 48045 | Spider:1 | Noticed Flure's ghost (journeyman FeBe)
 48068 | Spider:1 | Killed Flure's ghost
 48111 | Spider:1 | Got a pair of bloodstained gloves
 48121 | Spider:1 | Identified the +0 pair of gloves of Gusimu Udopt {rC++
                  | Will- Slay+4} (You found it on level 1 of the Spider Nest)
 48971 | Spider:2 | Reached XP level 21. HP: 180/180 MP: 28/28
 50607 | Spider:3 | Identified Roxanne's Volume of Transformation
 50607 | Spider:3 | Noticed Roxanne
 50625 | Spider:3 | Killed Roxanne
 50934 | Spider:4 | Entered Level 4 of the Spider Nest
 51545 | Spider:4 | Noticed Arachne
 51569 | Spider:4 | Killed Arachne
 52330 | Spider:4 | Got a gossamer rune of Zot
 53048 | Depths:1 | Entered Level 1 of the Depths
 53054 | Depths:1 | Found a gateway to a ziggurat.
 53453 | Depths:1 | Slain by an enormous slime creature

Illustrated notes

Levels and vault maps discovered:
D:1:      matt_arrival_diagonals, layout_basic, minmay_cut_off
D:2:      layout_basic, old_standard_altar
D:3:      minmay_spotlight, layout_loops_ring, ebering_ghost_rock_garden,
          trog_three_pillars_becter
D:4:      layout_basic, minmay_manual_monolith, uniq_robin
D:5:      layout_loops_corners
D:6:      layout_gridville, serial_shops, nicolae_shop_crystal,
          minmay_three_doors, uniq_blork_the_orc
D:7:      layout_basic, minmay_temple_entry_statues_pillars
D:8:      layout_rooms, serial_shops, nicolae_shop_window_shopping,
          amcnicky_altar_gilded
D:9:      layout_loops_ring, erik_lair_orcish_takeover, serial_undead,
          serial_undead_b, serial_undead_a, serial_undead_a, serial_undead_c,
          serial_shops, shop, kennysheep_mini_moat, shop
D:10:     layout_small_grid, serial_shops, nicolae_shop_behind_doors,
          uniq_gastronok, uniq_snorg, uniq_psyche
D:11:     layout_rooms, kennysheep_orc_monster_closet_entryway,
          lemuel_flamethrower_hall
D:12:     layout_roguey, uniq_rupert
D:13:     layout_roguey, lightli_vaults_fourway_checkpoint,
          gauntlet_entry_generic, nicolae_trove_entry_crystal,
          portal_ice_cave_rime
D:14:     evilmike_library_of_no_secrets, layout_cave_pods, special_room
          [special_room_bee], serial_glass, glass_columns_a, glass_columns_b,
          dk_noncrumbling_2, minmay_statues_item, uniq_nessos, uniq_louise
D:15:     hangedman_depths_entry_try_elsewhere_first, layout_loops_ring,
          chequers_hall_statues_corner_a, gammafunk_ghost_fury_of_okawaru,
          minivault_20, lemuel_nasty_fountain, uniq_kirke
Temple:   kilobyte_greek_temple
Lair:1:   layout_gridlike, serial_forest, infiniplex_forest_lined_3,
          infiniplex_forest_straight_4, infiniplex_forest_lined_2,
          infiniplex_forest_lined_2, infiniplex_forest_clump_small,
          infiniplex_forest_clump_medium
Lair:2:   layout_regular_city, nicolae_spider_entry_orb_guardian, basic_altar
Lair:3:   lemuel_ratsnest, layout_chaotic_city
Lair:4:   layout_long_grid, shoals_dummy_entry
Lair:5:   layout_cave_pods, slime_altar_1, beast_lair_carwin_9
Lair:6:   minmay_lair_end_frog_pond, layout_hall_layers, wad_woods_road_05
Shoals:1: layout_shoals
Shoals:2: layout_shoals, lemuel_oklob_altar, uniq_ilsuiw, uniq_polyphemus
Shoals:3: layout_shoals, uniq_donald
Shoals:4: shoals_end_hangedman, layout_shoals, nicolae_shoals_cliffside_cave,
          nzn_prometheus_bound
Spider:1: layout_chambers, gammafunk_ghost_tricky_traps, uniq_azrael
Spider:2: layout_spider_delve, hangedman_spider_tarantella_strand
Spider:3: layout_chambers, uniq_roxanne
Spider:4: spider_rune_water, uniq_arachne
Orc:1:    layout_caves, mines1_david
Orc:2:    st_orc_open, layout_caves, serial_shops, shop
Elf:1:    minmay_elf_crystal_pentagon, layout_onion_city, minivault_28
Elf:2:    layout_geoelf_grid, serial_shops, nicolae_shop_statue_plus,
          portal_desolation_entry_twin_temple, st_stairs_11
Elf:3:    minmay_elf_hall_not_hex, layout_gridlike, drop_trap
Vaults:1: hangedman_vaults_stagger, hangedman_vaults_nails,
          hangedman_vaults_hat, vaults_room_ringed_pool,
          nicolae_vaults_windows_and_doors_thing,
          ontoclasm_vaults_loading_screen, grunt_vaults_hallway_long,
          layout_vaults_omnicross, serial_shops, shop
Vaults:2: nicolae_vaults_ring_of_whatevers, v_misc_23, v_misc_16,
          nicolae_vaults_twisting_passages, v_misc_32,
          vaults_room_mumra_shop_pool, nicolae_vaults_holding_cells,
          dpeg_vaults_monster_box, hangedman_vaults_stretched_pinwheel,
          hangedman_vaults_restitches, vaults_room_pools,
          nicolae_vaults_ring_of_whatevers, nicolae_vaults_yaktaur_gun_rack,
          vaults_mumra_lcd, layout_vaults_ring
Vaults:3: advil_vaults_ghost_guards, vaults_room_octagon,
          ontoclasm_vaults_ligature, vaults_room_hangedman_quadrants,
          ontoclasm_vaults_eye, v_pattern_1, vaults_dpeg_encased_lava,
          layout_vaults_omnigrid, minmay_crypt_entry_skeletal_spiral
Vaults:4: dpeg_vaults_pockets_of_resistance,
          vaults_standard_mumra_enter_the_diamond, ontoclasm_vaults_fault,
          v_misc_2, ontoclasm_vaults_pinch, v_alt_pattern_4,
          ontoclasm_vaults_claustrophobia, ontoclasm_vaults_shuriken,
          vaults_dpeg_diagonal, nicolae_vaults_sealed_display,
          layout_vaults_big_room, serial_shops, bzr_entry_customers
Depths:1: layout_honeycomb, enter_ziggurat_b, abyss_entry,
          hangedman_abyss_or_decor_clamps, rand_demon_pan_entry_4, hell_entry,
          nicolae_water_bricks, kilobyte_rumbling_trees, firewood_loft

Skill      XL: |  1  2  3  4  5  6  7  8  9 10 11 12 13 14 15 16 17 18 19 20 21 |
---------------+----------------------------------------------------------------+-----
Dodging        | 1 2 3 4 6 8 10 12 16 17 18 20 | 20.0
Polearms       | 4 9 12 14 17 18 19 20 | 20.0
Fighting       | 4 5 6 7 8 10 12 14 16 17 18 19 20 | 20.0
Shields        | 4 5 6 8 11 14 15 16 18 20 | 20.0
Translocations | 4 8 10 | 10.0
Invocations    | 4 8 10 | 10.8
Spellcasting   | 4 |  4.0
Armour         | |  2.1

Action                   |  1- 3 |  4- 6 |  7- 9 | 10-12 | 13-15 | 16-18 | 19-21 || total
-------------------------+-------+-------+-------+-------+-------+-------+-------++-------
Melee: Trident           |   126 |   210 |   485 |   733 |  1877 |   374 |       ||  3805
       Unarmed           |       |       |    12 |       |       |       |       ||    12
       Tailslap          |       |       |       |       |    35 |    48 |    18 ||   101
       Trishula          |       |       |       |       |       |  1609 |  2257 ||  3866
Throw: Javelin           |     1 |       |     7 |     3 |     3 |    12 |     9 ||    35
       Throwing net      |       |       |       |     1 |       |       |       ||     1
       Boomerang         |       |       |       |       |    15 |    22 |       ||    37
 Cast: Blink             |       |       |       |       |     4 |    17 |     3 ||    24
       Apportation       |       |       |       |       |       |       |     2 ||     2
Invok: Divine Shield     |       |       |       |     1 |     3 |     7 |     4 ||    15
       Brand Weapon With |       |       |       |       |       |     1 |       ||     1
       Cleansing Flame   |       |       |       |       |       |     4 |     2 ||     6
       Summon Divine War |       |       |       |       |       |     1 |     1 ||     2
Evoke: Wand              |       |     5 |     1 |       |       |       |       ||     6
       Phial of floods   |       |       |       |       |       |     1 |       ||     1
       Lightning rod     |       |       |       |       |       |       |     1 ||     1
  Use: Scroll            |       |    16 |     2 |     8 |    15 |    26 |    12 ||    79
       Potion            |       |     3 |       |     3 |     2 |    17 |     1 ||    26
 Stab: Sleeping          |     3 |     3 |     1 |       |       |       |       ||     7
       Paralysed         |       |     5 |       |       |       |       |       ||     5
Armor: Robe              |     8 |     3 |     6 |     5 |       |       |       ||    22
       Leather armour    |       |    29 |    36 |       |       |       |       ||    65
       Skin              |       |       |    13 |     1 |       |    29 |       ||    43
       Chain mail        |       |       |       |    73 |   276 |   251 |   195 ||   795
Dodge: Dodged            |    51 |    73 |   214 |   146 |   462 |   582 |   676 ||  2204
Block: Kite shield       |    54 |    99 |   181 |   241 |  1186 |  1359 |  1884 ||  5004
       Reflection        |       |       |       |       |       |    63 |    98 ||   161
